 Dungeon Crawl Stone Soup version 0.30.1-11-g7821555f0a (webtiles) character file.

Game seed: 4373219682542213611

1005 caec the Ruffian (level 8, -1/55 HPs)
             Began as a Green Draconian Transmuter on Dec 18, 2023.
             Was a Follower of Hepliaklqana.
             Killed from afar by a wretched star (17 damage)
             ... with a lance of force
             ... created by the touch of Lugonu
             ... on level 7 of the Dungeon.
             The game lasted 00:21:37 (5917 turns).

caec the Ruffian (Green Draconian Transmuter)       Turns: 5917, Time: 00:21:37

Health: -1/55      AC:  2    Str: 13    XL:     8   Next: 0%
Magic:  11/14      EV: 20    Int: 22    God:    Hepliaklqana [*.....]
Gold:   379        SH:  0    Dex: 16    Spells: 9/15 levels left

rFire   . .          .
                       - Unarmed
rCold   . . .        (shield currently unavailable)
rNeg    . . .        (body armour unavailable)
rPois   x            (helmet currently unavailable)
rElec   .            A - melded scarf {rC+ rF+}
rCorr   .            (gloves currently unavailable)
SInv    +            (boots currently unavailable)
Will    .....        (no amulet)
Stlth   ++           d - ring of see invisible
HPRegen 0.29/turn    p - +6 ring of intelligence
MPRegen 0.14/turn

%: random rage (9%)
@: spider-form
A: venomous fangs, reduced essence, (breathe noxious fumes), AC +6, tiny,
unfitting armour, (poison resistance), (cold-blooded), [berserk 2], [subdued
magic 2]
a: End Transformation, Renounce Religion, Recall Ancestor, Ancestor Identity


You were on level 7 of the Dungeon.
You worshipped Hepliaklqana.
Hepliaklqana was aware of your devotion.
You were a venomous arachnid creature.
You visited 2 branches of the dungeon, and saw 8 of its levels.

You collected 392 gold pieces.
You spent 13 gold pieces at shops.

Inventory:

Missiles
 n - a throwing net
 q - 3 poisoned darts (quivered)
Armour
 A - a scarf of resistance (melded)
Jewellery
 d - a ring of see invisible (left front pincers)
 e - a ring of magical power
 p - a +6 ring of intelligence (right front pincers)
 v - a ring of fire
Scrolls
 b - a scroll of noise {unknown}
 h - a scroll of immolation {unknown}
 i - 2 scrolls of amnesia
 l - a scroll of teleportation
 o - a scroll of fear {unknown}
 t - 2 scrolls of magic mapping {unknown}
 w - a scroll of fog {unknown}
 x - a scroll of silence {unknown}
 y - 3 scrolls of blinking {unknown}
 B - 2 scrolls of identify
Potions
 a - 2 potions of lignification
 c - 2 potions of magic
 f - a potion of degeneration
 g - a potion of mutation {unknown}
 j - 3 potions of ambrosia
 k - 2 potions of heal wounds {unknown}
 m - a potion of berserk rage
 r - a potion of flight
 s - a potion of curing {unknown}
 u - a potion of haste {unknown}
 z - a potion of brilliance {unknown}


   Skills:
 + Level 2.6 Fighting
 + Level 0.4 Throwing
 + Level 3.1 Dodging
 + Level 2.4 Stealth
 + Level 5.8 Unarmed Combat
 + Level 4.3 Spellcasting
 + Level 4.2 Transmutations
 + Level 1.5 Poison Magic
 + Level 0.4 Invocations


You had 9 spell levels left.
You knew the following spells:

 Your Spells              Type           Power      Damage    Failure   Level
a - Beastly Appendage     Tmut           28%        N/A       4%          1
b - Wereblood             Tmut           14%        N/A       6%          2
c - Spider Form           Tmut/Pois      10%        N/A       17%         3

Your spell library contained the following spells:

 Spells                   Type           Power      Damage    Failure   Level
 Ice Form                 Ice/Tmut       8%         N/A       54%         4


Dungeon Overview and Level Annotations

Branches:
Dungeon (7/15)             Temple (1/1) D:5

Altars:
Dithmenos
Elyvilon
Gozag
Hepliaklqana
Makhleb
Nemelex Xobeh
Okawaru
Ru
Sif Muna
Trog
Vehumet
Wu Jian
Yredelemnul
The Shining One
Lugonu

Shops:
D:4 *


Innate Abilities, Weirdness & Mutations

You are a venomous arachnid creature.
You have venomous fangs.
You are tiny and dextrous.
Your spellcasting is less reliable in this form.
Your armour is entirely melded.
You are incapable of wielding weapons or throwing items.
Your life essence is reduced to manifest your ancestor. (-10% HP)
((You can breathe blasts of noxious fumes.))
((Your lurid green scales are hard. (AC +6)))
You cannot fit into any form of body armour.
((Your system is resistant to poisons. (rPois)))
((You are cold-blooded and may be slowed by cold attacks.))
[You have an uncontrollable temper.]
[Your spells are easier to cast, but less powerful.]


Message History

Nebetia barely misses the wretched star.
The wretched star glows turbulently.
The lance of force hits you!!
You are knocked back by the lance of force.
You slam into the rock wall!
The black bear attacks as you move away!
The black bear bites you. The black bear completely misses you.
The black bear claws you but does no damage.
The black bear attacks as you move away!
The black bear bites you but does no damage.
The black bear misses you. The black bear claws you.
The black bear attacks as you move away!
The black bear bites you.
The black bear claws you but does no damage.
The black bear barely misses you.
Nebetia misses the wretched star.
The black bear attacks as you move away!
The black bear bites you!
* * * LOW HITPOINT WARNING * * *
The black bear claws you but does no damage. x2
Nebetia hits the wretched star but does no damage.
Okay, then.
The wretched star pulses with an eldritch light!
Your connection to magic feels subdued.
Your connection to magic feels more subdued.
Your transformation is almost over.
You have got your breath back.
The wretched star pulses with an eldritch light!
You feel a little pissed off.
You feel extremely angry at everything!
Casting: Beastly Appendage (safe; 1% risk of failure)
Confirm with . or Enter, or press ? or * to list all spells.
Your horns disappear.
Your talons disappear.
You turn into a venomous arachnid creature.
Your scarf of resistance melds into your body.
You feel hot and cold all over.
Nebetia hits the wretched star but does no damage.
The black bear misses you. The black bear closely misses you.
The black bear misses you.
The wretched star glows turbulently.
The lance of force hits you!
You die...

#..### #....# #.#
...######.#######.#
.#.##.............#
.#.##.#######.##..#
...##.## #.##..#
..##...## #.##..#
..#.....#####.##..#
.......R.......#..#
.#.....###..*..s.#
##...#####R..#h##
##............#
#########.#### #.#
#.# #.# #.. ###


You could see the friendly Nebetia the ancestor, a wretched star (ally target)
and a black bear.

Vanquished Creatures
  An orc warrior (D:7)
  An ogre (D:5)
  A centaur (D:6)
  A bullfrog (D:5)
  A scorpion (D:7)
  A howler monkey (D:6)
  A hound (D:5)
  4 orc priests
  2 iguanas
  A sleepcap (D:4)
  2 orc wizards
  4 gnolls (D:4)
  5 adders
  A white imp (D:4)
  2 ufetubi (D:6)
  A worm (D:2)
  3 dart slugs
  15 orcs
  6 endoplasms
  5 giant cockroaches
  8 goblins
  5 hobgoblins
  6 jackals
  4 quokkas
  7 ball pythons
  3 bats
  2 frilled lizards
  6 kobolds
  4 rats
  A butterfly (D:5)
104 creatures vanquished.

Vanquished Creatures (collateral kills)
  An orc priest (D:7)
1 creature vanquished.

Vanquished Creatures (others)
  A howler monkey (D:5)
  2 ancestors
3 creatures vanquished.

Grand Total: 108 creatures vanquished

Notes
Turn   | Place    | Note
-------+----------+-------------------------------------------
     0 | D:1      | caec the Draconian Transmuter began the quest for the Orb.
     0 | D:1      | Reached XP level 1. HP: 16/16 MP: 3/3
   219 | D:1      | Reached XP level 2. HP: 23/23 MP: 3/5
   245 | D:1      | Learned a level 2 spell: Wereblood
   754 | D:2      | Found a faded altar of an unknown god.
   765 | D:2      | Reached XP level 3. HP: 28/28 MP: 6/6
   775 | D:2      | Prayed at the altar of an unknown god.
   775 | D:2      | Became a worshipper of Lugonu the Unformed
   775 | D:2      | Reached * piety under Lugonu
  1149 | D:3      | Reached XP level 4. HP: 13/35 MP: 8/8
  1234 | D:3      | Found a basalt altar of Yredelemnul.
  1297 | D:3      | Reached skill level 1 in Stealth
  1730 | D:3      | Reached skill level 4 in Unarmed Combat
  2002 | D:4      | Reached ** piety under Lugonu
  2321 | D:4      | Found an ornate altar of the Wu Jian Council.
  2340 | D:4      | Noticed a scorpion
  2344 | D:4      | Banished a scorpion
  2345 | D:4      | Reached XP level 5. HP: 41/41 MP: 9/9
  2624 | D:4      | Found Xyasurgh's General Store.
  2940 | D:4      | Found a shadowy altar of Dithmenos.
  3124 | D:4      | Reached XP level 6. HP: 20/48 MP: 9/11
  3270 | D:5      | Entered Level 5 of the Dungeon
  3407 | D:4      | Bought a potion of degeneration for 13 gold pieces
  3444 | D:5      | Learned a level 3 spell: Spider Form
  3817 | D:5      | Found a sacrificial altar of Ru.
  4088 | D:5      | Reached skill level 5 in Unarmed Combat
  4294 | D:5      | Identified the -2 pair of gloves of Saonayk {Regen+ rCorr
                  | Str+3}
  4413 | D:5      | Found a staircase to the Ecumenical Temple.
  4421 | Temple   | Entered the Ecumenical Temple
  4474 | Temple   | Fell from the grace of Lugonu
  4474 | Temple   | Became a worshipper of Hepliaklqana the Forgotten
  4606 | D:5      | Your scales start taking on a lurid green colour.
  4606 | D:5      | Reached XP level 7. HP: 24/55 MP: 7/12
  4606 | D:5      | Gained mutation: Your system is resistant to poisons.
                  | (rPois) [Green Draconian growth]
  4696 | D:5      | Noticed a thrashing horror
  4696 | D:5      | Noticed a small abomination
  5093 | D:6      | Found a radiant altar of Vehumet.
  5145 | D:6      | Reached skill level 1 in Poison Magic
  5427 | D:6      | Reached * piety under Hepliaklqana
  5476 | D:6      | Noticed a starcursed mass
  5574 | D:7      | Noticed a large abomination
  5574 | D:7      | Noticed a large abomination
  5829 | D:7      | Reached XP level 8. HP: 45/55 MP: 11/14
  5904 | D:7      | Noticed a wretched star
  5917 | D:7      | Killed from afar by a wretched star

Illustrated notes

Levels and vault maps discovered:
D:1:      amcnicky_arrival_underground_garden, layout_basic
D:2:      layout_rooms, basic_ecumenical_altar
D:3:      layout_loops_ring, mainiacjoe_overflow_small_starburst
D:4:      layout_loops_ring, grunt_dithmenos_smoke_and_mirrors,
          nzn_wu_jian_contemplation, st_stairs_3, nrook_campfire,
          nicolae_take_the_stairs, kennysheep_nub, serial_bayou_lake_a
D:5:      layout_basic, nicolae_ru_awakened_eye,
          minmay_temple_entry_butterflies, corexii_leaking_fountain,
          interstate_on_off, lemuel_flamethrower_2
D:6:      cheibrodos_quashed, layout_loops_ring, amcnicky_altar_gilded,
          chequers_serial_rivers_micro_d
D:7:      statuecave_lemuel, layout_loops_ring, minmay_misc_feat_five
Temple:   kb_temple_of_zot

Skill      XL: |  1  2  3  4  5  6  7 |
---------------+----------------------+-----
Dodging        | 2 3 |  3.1
Stealth        | 1 2 |  2.4
Unarmed Combat | 4 5 |  5.8
Spellcasting   | 3 4 |  4.3
Transmutations | 3 4 |  4.2
Fighting       | 2 |  2.6
Poison Magic   | 1 |  1.5
Throwing       | |  0.4
Invocations    | |  0.4

Action                     |  1- 3 |  4- 6 |  7- 9 || total
---------------------------+-------+-------+-------++-------
  Melee: Unarmed           |   103 |   182 |    58 ||   343
         Kick              |    16 |    25 |     7 ||    48
         Tailslap          |     8 |    16 |     2 ||    26
         Headbutt          |     5 |    19 |     3 ||    27
         Punch             |     1 |     7 |       ||     8
  Throw: Dart              |       |     3 |       ||     3
   Cast: Beastly Appendage |    16 |    25 |     5 ||    46
         Wereblood         |     2 |    12 |     3 ||    17
         Spider Form       |       |     3 |     8 ||    11
 Invoke: Banish            |       |     1 |       ||     1
Ability: Breathe Noxious F |       |       |     2 ||     2
    Use: Scroll            |     2 |     5 |     1 ||     8
         Potion            |       |       |     1 ||     1
   Stab: Sleeping          |       |     2 |       ||     2
         Confused          |       |       |     2 ||     2
 Armour: Skin              |    30 |    35 |    13 ||    78
  Dodge: Dodged            |    53 |   134 |    58 ||   245
